 Dungeon Crawl Stone Soup version 0.20-a0-1109-ge3cd172 (webtiles) character file.

522 graki42 the Ruffian (level 7, -3/53 HPs)
             Began as a Purple Draconian Transmuter on May 5, 2017.
             Was a Follower of Cheibriados.
             Slain by Shinoi's ghost (6 damage)
             ... on level 5 of the Dungeon.
             The game lasted 00:15:01 (3626 turns).

graki42 the Ruffian (Purple Draconian Transmuter)   Turns: 3626, Time: 00:15:01

Health: -3/53      AC:  2    Str: 17    XL:     7   Next: 1%
Magic:  6/14       EV: 23    Int: 15    God:    Cheibriados [*.....]
Gold:   179        SH:  0    Dex: 24    Spells: 5/15 levels left

rFire    . . .     SeeInvis .     - Unarmed
rCold    . . .     Gourm    .   (shield currently unavailable)
rNeg     . . .     Faith    .   (armour unavailable)
rPois    x         Spirit   .   (helmet currently unavailable)
rElec    .         Reflect  .   (cloak currently unavailable)
rCorr    .         Harm     .   (gloves currently unavailable)
MR       +....                  (boots currently unavailable)
Stlth    ++........             j - amulet of magic regeneration
Regen    0.2/turn               t - +6 ring of dexterity
MPRegen  0.3/turn               n - +2 ring of evasion

@: spider-form, very slightly contaminated, very slow
A: (breathe power), unfitting armour, AC +6
a: End Transformation, Bend Time, Renounce Religion


You were on level 5 of the Dungeon.
You worshipped Cheibriados.
Cheibriados was aware of your devotion.
You were hungry.
You were a venomous arachnid creature.
You visited 1 branch of the dungeon, and saw 5 of its levels.

You collected 179 gold pieces.

Inventory:

Missiles
 a - 98 arrows
Armour
 p - a +0 hat (melded)
 q - a +0 pair of gloves (melded)
Jewellery
 j - an amulet of magic regeneration (around neck)
 m - an uncursed ring of magical power
 n - a +2 ring of evasion (right front leg)
 t - a +6 ring of dexterity (left front leg)
Wands
 A - a wand of iceblast (7/15)
Scrolls
 e - 7 scrolls of remove curse
 g - a scroll of blinking {unknown}
 h - 4 scrolls of magic mapping {unknown}
 s - a scroll of noise {unknown}
Potions
 d - 2 potions of curing {unknown}
 f - a potion of flight
 i - 2 potions of lignification {unknown}
 l - a potion of ambrosia
 r - a potion of cancellation
 v - a potion of resistance
 w - a potion of mutation {unknown}
 x - a potion of berserk rage {unknown}
 z - a potion of agility {unknown}
Books
 b - a book of Changes

   Spells                             Type                      Level
   a - Beastly Appendage              Transmutation                1
   b - Sticks to Snakes               Transmutation                2
   c - Spider Form                    Transmutation/Poison         3
   d - Ice Form                       Ice/Transmutation            4
   e - Blade Hands                    Transmutation                5
Comestibles
 c - 3 bread rations
 k - 5 royal jellies
 o - 3 meat rations


   Skills:
 + Level 1.8 Fighting
 + Level 2.7 Dodging
 + Level 1.0 Stealth
 + Level 5.1 Unarmed Combat
 + Level 4.8 Spellcasting
 + Level 3.4 Transmutations
 + Level 1.7 Poison Magic


You had 5 spell levels left.
You knew the following spells:

 Your Spells              Type           Power        Failure   Level  Hunger
a - Beastly Appendage     Tmut           ##....       13%         1    None
b - Sticks to Snakes      Tmut           ##......     17%         2    ##.....
c - Spider Form           Tmut/Pois      ##........   36%         3    ###....
d - Ice Form              Ice/Tmut       #.......     82%         4    ####...


Dungeon Overview and Level Annotations

Branches:
Dungeon (5/15)
 Temple: D:4-7

Altars:
Ashenzari
Cheibriados
Dithmenos
Fedhas
Kikubaaqudgha
Trog
Wu Jian
Xom
Yredelemnul

Annotations:
D:5 Shinoi's ghost, novice DsNe


Innate Abilities, Weirdness & Mutations

((You can breathe bolts of dispelling energy.))
((Your rich purple scales are hard. (AC +6)))
You cannot fit into any form of body armour.
((You are cold-blooded and may be slowed by cold attacks.))


Message History

Shinoi's ghost hits you.
You are electrocuted!
Your ball python misses Shinoi's ghost.
Your ball python bites Shinoi's ghost but does no damage.
You barely miss Shinoi's ghost.
Shinoi's ghost is lightly damaged.
Your ball python closely misses Shinoi's ghost.
Shinoi's ghost points at you and mumbles some strange words.
You resist with significant effort.
Your ball python closely misses Shinoi's ghost.
You barely miss Shinoi's ghost.
Shinoi's ghost is lightly damaged.
Your ball python bites Shinoi's ghost.
Shinoi's ghost hits you.
You are electrocuted!
* * * LOW HITPOINT WARNING * * *
Your ball python barely misses Shinoi's ghost.
Unknown command.
You swap places.
Your ball python bites Shinoi's ghost.
Your ball python barely misses Shinoi's ghost.
Shinoi's ghost hits you.
You die...

..##..#
##..$###.#
...=..#
......#.#
..#.#.#
##...#.#.# ###.#
.. .##...)....
#.#
............###
#.#
####...<.%...
###.#
####..S...#
..#.. .......WS#
#.### #.
###.##s## #.#
#.# #.##.# #.#
#.# #.##.# #.#
#.# #.##.# #.#
###.### #....#
#.# #.....#
#..###
#.###.....###..#
...........##..#
#####......##..#


You could see Shinoi's ghost and 2 friendly ball pythons.

Vanquished Creatures
  A sky beast (D:4)
  An ogre (D:4)
  A hound (D:4)
  Jessica (D:3)
  An orc wizard (D:4)
  A hound zombie (D:5)
  6 adders
  4 worms
  A dart slug (D:1)
  3 leopard geckos
  8 orcs
  2 ball pythons
  4 giant cockroaches
  2 gnoll zombies (D:2)
  4 goblins
  4 hobgoblins
  2 jackals (D:4)
  5 kobolds
  2 quokkas
  3 bats
  6 frilled lizards
  5 rats
67 creatures vanquished.

Vanquished Creatures (collateral kills)
  The ghost of Shinoi the Shooter, an amateur CeHu of Okawaru (D:3)
1 creature vanquished.

Grand Total: 68 creatures vanquished

Notes
Turn   | Place    | Note
-------+----------+-------------------------------------------
     0 | D:1      | graki42 the Draconian Transmuter began the quest for the Orb.
     0 | D:1      | Reached XP level 1. HP: 16/16 MP: 3/3
   366 | D:1      | Reached XP level 2. HP: 23/23 MP: 3/5
   554 | D:1      | Learned a level 2 spell: Sticks to Snakes
   941 | D:2      | Reached XP level 3. HP: 28/28 MP: 6/6
   949 | D:2      | Found a basalt altar of Yredelemnul.
  1599 | D:2      | Found a shadowy altar of Dithmenos.
  1599 | D:2      | Found a blossoming altar of Fedhas.
  1599 | D:2      | Found a shimmering altar of Xom.
  1599 | D:2      | Found an ornate altar of the Wu Jian Council.
  1610 | D:2      | Found a shattered altar of Ashenzari.
  1610 | D:2      | Found a bloodstained altar of Trog.
  1636 | D:2      | Learned a level 3 spell: Spider Form
  1716 | D:3      | Noticed Jessica
  1727 | D:3      | Reached XP level 4. HP: 34/35 MP: 1/7
  1740 | D:3      | Killed Jessica
  1897 | D:3      | Found an ancient bone altar of Kikubaaqudgha.
  1904 | D:3      | Found a snail-covered altar of Cheibriados.
  1912 | D:3      | Became a worshipper of Cheibriados the Contemplative
  2019 | D:3      | Noticed Shinoi's ghost (amateur CeHu)
  2039 | D:3      | Killed Shinoi's ghost
  2039 | D:3      | Reached skill level 4 in Unarmed Combat
  2039 | D:3      | Reached XP level 5. HP: 13/40 MP: 3/10
  3001 | D:4      | Reached skill level 1 in Poison Magic
  3001 | D:4      | Reached XP level 6. HP: 42/47 MP: 8/11
  3036 | D:4      | Reached skill level 5 in Unarmed Combat
  3201 | D:4      | Learned a level 4 spell: Ice Form
  3514 | D:4      | Noticed a sky beast
  3521 | D:4      | Killed a sky beast
  3521 | D:4      | Reached skill level 1 in Stealth
  3526 | D:5      | Entered Level 5 of the Dungeon
  3594 | D:5      | Noticed Shinoi's ghost (novice DsNe)
  3606 | D:5      | Reached * piety under Cheibriados
  3606 | D:5      | Your scales start taking on a rich purple colour.
  3606 | D:5      | Reached XP level 7. HP: 51/53 MP: 12/14
  3625 | D:5      | HP: 2/53 [Shinoi's ghost (19)]
  3626 | D:5      | Slain by Shinoi's ghost

Vault maps used:
D:1:      dpeg_arrival_chambers_temple_mockup, corner_web_ring, st_stairs_12,
          hangedman_glass_teeth
D:2:      cheibrodos_old_hovel, lemuel_zombie_altar_yredelemnul,
          minmay_overflow_temple_hex
D:3:      lemuel_doored_altar, overflow_temple_1_default, uniq_jessica
D:5:      first_bread, tgw_sif

Skill      XL: |  1  2  3  4  5  6 |
---------------+-------------------+-----
Dodging        | 2 |  2.7
Unarmed Combat | 4 5 |  5.1
Spellcasting   | 3 4 |  4.8
Transmutations | 3 |  3.4
Poison Magic   | 1 |  1.7
Stealth        | 1 |  1.0
Fighting       | |  1.8

Action                   |  1- 3 |  4- 6 |  7- 9 || total
-------------------------+-------+-------+-------++-------
Melee: Unarmed           |   159 |   107 |     4 ||   270
       Tailslap          |    16 |     4 |       ||    20
       Headbutt          |     9 |     2 |       ||    11
       Kick              |     8 |     5 |       ||    13
       Punch             |     1 |     2 |       ||     3
 Cast: Beastly Appendage |    26 |     7 |       ||    33
       Spider Form       |     1 |    15 |     1 ||    17
       Sticks to Snakes  |     1 |     2 |     2 ||     5
  Use: Scroll            |     3 |     5 |       ||     8
 Stab: Sleeping          |     1 |     3 |       ||     4
  Eat: Chunk             |     3 |    10 |       ||    13
Armor: Skin              |    37 |    10 |       ||    47
Dodge: Dodged            |    94 |    81 |     2 ||   177
